 Dungeon Crawl Stone Soup version 0.22.1-2-g9c5b331 (webtiles) character file.

2774 mimixer the Cleaver (level 9, -8/79 HPs)
             Began as a Minotaur Gladiator on Dec 7, 2018.
             Mangled by an orc warrior
             ... wielding a +1 trident of flaming
              (16 damage)
             ... on level 7 of the Dungeon.
             The game lasted 00:32:27 (6850 turns).

mimixer the Cleaver (Minotaur Gladiator)            Turns: 6850, Time: 00:32:28

Health: -8/79      AC:  7    Str: 21 (23) XL:     9   Next: 42%
Magic:  8/8        EV: 14    Int:  2 (5)  God:
Gold:   293        SH:  0    Dex: 10 (11) Spells: 8/8 levels left

rFire    + + .     SeeInvis +   a - +0 war axe
rCold    . . .     Gourm    .   (no shield)
rNeg     + . .     Faith    .   b - +0 leather armour
rPois    .         Spirit   .   c - +0 hat
rElec    .         Reflect  .   (no cloak)
rCorr    .         Harm     .   I - +3 pair of gloves of Divine Intervention {*Slow +Inv rF++ SInv}
MR       .....                  (no boots)
Stlth    ++........             (no amulet)
HPRegen  0.23/turn              x - ring of positive energy
MPRegen  0.11/turn              D - ring of stealth

@: no status effects
A: retaliatory headbutt, horns 2
a: Evoke Invisibility


You were on level 7 of the Dungeon.
You were very hungry.

You visited 1 branch of the dungeon, and saw 7 of its levels.
You also visited: Sewer.

You collected 293 gold pieces.

Inventory:

Hand Weapons
 a - a +0 war axe (weapon)
 s - a +0 flail of holy wrath
 w - a +1 dagger of speed
 G - a cursed -3 scimitar
 H - a cursed -1 spear
Missiles
 d - 5 throwing nets (quivered)
Armour
 b - a +0 leather armour (worn)
 c - a +0 hat (worn)
 A - a +0 pair of gloves
 I - the +3 pair of gloves of Divine Intervention (worn) {*Slow +Inv rF++ SInv}
   (You found it on level 7 of the Dungeon)

   It greatly protects you from fire.
   It lets you see invisible.
   It lets you turn invisible.
   It may slow you when you take damage.
Magical Staves
 t - an uncursed staff of poison {unknown}
 E - an uncursed staff of conjuration {unknown}
Jewellery
 x - a ring of positive energy (left hand)
 B - a +3 ring of intelligence
 D - a ring of stealth (right hand)
Wands
 y - a wand of digging (13)
Scrolls
 g - a scroll of enchant armour {unknown}
 h - 12 scrolls of identify {unknown}
 i - 8 scrolls of teleportation
 j - a scroll of magic mapping {unknown}
 l - 2 scrolls of blinking {unknown}
 n - 3 scrolls of amnesia {unknown}
 q - 2 scrolls of enchant weapon {unknown}
 r - 2 scrolls of fear {unknown}
 u - 2 scrolls of remove curse {unknown}
 F - a scroll of immolation {unknown}
Potions
 e - a potion of curing
 k - a potion of degeneration
 m - a potion of mutation {unknown}
 o - 2 potions of haste {unknown}
 p - 6 potions of flight
 v - a potion of ambrosia {unknown}
 z - 2 potions of cancellation
 C - a potion of heal wounds {unknown}
 K - a potion of agility {unknown}
Comestibles
 f - 5 rations


   Skills:
 + Level 7.3 Fighting
 + Level 11.4 Axes
 + Level 2.3 Throwing
 + Level 4.9 Armour
 + Level 6.4 Dodging
 - Level 1.5 Stealth


You had 8 spell levels left.
You didn't know any spells.
Your spell library contained the following spells:

 Spells                   Type           Power        Failure   Level  Hunger
 Beastly Appendage        Tmut           #.....       58%         1    ##.....
 Sticks to Snakes         Tmut           #.......     75%         2    ###....
 Spider Form              Tmut/Pois      #.........   92%         3    ####...
 Ice Form                 Ice/Tmut       #.......     100%        4    #####..
 Blade Hands              Tmut           #.........   100%        5    ######.


Dungeon Overview and Level Annotations

Branches:
Dungeon (7/15)             Temple (0/1) D:4

Altars:
Cheibriados
Gozag
Kikubaaqudgha
Ru
Xom


Innate Abilities, Weirdness & Mutations

You reflexively headbutt those who attack you in melee.
You have a pair of horns on your head.


Message History

The orc warrior hits you from afar with a trident of flaming!
You hit the orc. You headbutt the orc.
You kill the orc!
The orc warrior hits you from afar with a trident of flaming!
An orc comes into view. It is wielding a flail.
The orc warrior hits you with a trident of flaming!
The orc warrior burns you.
You hit the orc warrior but do no damage.
The orc warrior hits you with a trident of flaming!
* * * LOW HITPOINT WARNING * * *
The orc warrior burns you.
* * * LOW HITPOINT WARNING * * *
You barely miss the orc warrior.
You are feeling very hungry.
The orc warrior barely misses you.
It was a potion of degeneration.
There was something very wrong with that liquid.
You feel weakened.
You feel dopey.
You feel clumsy.
The orc warrior hits you with a trident of flaming!
You die...

...#.#.#..#.#### #.#.#
#..# #.#........ #.#.#
..#.#.#..#..########.#
..........#..##....##o#.##
#..#.................o....
#.#....#...#.##o##.#.#
#.#....#.....##.#
..............##.#
...............@oo#
.#.......#.#...##.#
....................
.#...#...#.#.>.##.##.#
#...#...#.#.#.##.# # #..
#...#.#.#.##.#
....#.#.#.##.# #. .#


You could see an orc warrior and an orc.

Vanquished Creatures
  Grinder (D:6)
  Menkaure (D:6)
  A sky beast (D:7)
  An orc warrior (D:7)
  2 ogres
  A phantom (D:4)
  A centaur (D:6)
  A crocodile (D:6)
  5 bullfrogs (D:7)
  5 killer bees (D:7)
  2 howler monkeys
  3 crimson imps
  3 jellies
  6 hounds
  3 bullfrog skeletons
  3 orc priests
  6 orc wizards
  2 iguanas
  Terence (D:2)
  3 worker ants
  A merfolk siren (Sewer)
  A merfolk avatar (Sewer)
  A hound skeleton (D:4)
  12 gnolls
  7 adders
  A river rat (Sewer)
  An adder skeleton (D:6)
  A worm (D:2)
  3 dart slugs
  4 leopard geckos
  16 orcs
  7 giant cockroaches
  5 goblins
  3 hobgoblins
  17 jackals
  4 kobolds
  A quokka (D:5)
  7 ball pythons
  5 bats
  11 frilled lizards
  A jackal skeleton (D:7)
  A quokka skeleton (D:6)
  27 rats
188 creatures vanquished.

Vanquished Creatures (others)
  A human (D:3)
1 creature vanquished.

Grand Total: 189 creatures vanquished

Notes
Turn   | Place    | Note
-------+----------+-------------------------------------------
     0 | D:1      | mimixer the Minotaur Gladiator began the quest for the Orb.
     0 | D:1      | Reached XP level 1. HP: 18/18 MP: 0/0
   116 | D:1      | Reached XP level 2. HP: 16/25 MP: 1/1
   191 | D:1      | Reached skill level 4 in Axes
   751 | D:2      | Noticed Terence
   761 | D:2      | Killed Terence
   761 | D:2      | Reached skill level 1 in Armour
   761 | D:2      | Reached XP level 3. HP: 5/30 MP: 2/2
  1467 | D:3      | Reached XP level 4. HP: 27/37 MP: 3/3
  1616 | D:3      | Found a shimmering altar of Xom.
  1714 | D:3      | Found an ancient bone altar of Kikubaaqudgha.
  1717 | D:3      | Noticed a human
  1718 | D:3      | Killed a human
  1862 | D:3      | Reached skill level 5 in Axes
  1920 | D:3      | Noticed an ice beast
  2505 | D:4      | Reached XP level 5. HP: 45/45 MP: 4/4
  2543 | D:4      | Found a glowing drain.
  2603 | Sewer    | Entered a sewer
  2860 | Sewer    | Reached XP level 6. HP: 52/52 MP: 5/5
  2890 | Sewer    | Reached skill level 6 in Axes
  3064 | D:4      | Reached skill level 1 in Stealth
  3348 | D:4      | Found a staircase to the Ecumenical Temple.
  3647 | D:4      | Reached XP level 7. HP: 17/59 MP: 6/6
  3979 | D:5      | Entered Level 5 of the Dungeon
  4029 | D:5      | Reached skill level 7 in Axes
  4180 | D:5      | Reached skill level 5 in Dodging
  5006 | D:6      | Noticed Menkaure
  5017 | D:6      | Killed Menkaure
  5017 | D:6      | Reached skill level 5 in Fighting
  5017 | D:6      | Reached skill level 8 in Axes
  5020 | D:6      | Reached XP level 8. HP: 56/68 MP: 7/7
  5184 | D:6      | Found a sacrificial altar of Ru.
  5374 | D:6      | Noticed Grinder
  5386 | D:6      | Killed Grinder
  5386 | D:6      | Reached skill level 9 in Axes
  5798 | D:7      | Found a snail-covered altar of Cheibriados.
  5816 | D:7      | Reached skill level 10 in Axes
  5922 | D:7      | Reached XP level 9. HP: 61/78 MP: 8/8
  5935 | D:7      | Got a pair of translucent gloves
  5954 | D:7      | Identified the +3 pair of gloves of Divine Intervention
                  | {*Slow +Inv rF++ SInv} (You found it on level 7 of the
                  | Dungeon)
  6085 | D:7      | Found an opulent altar of Gozag.
  6357 | D:7      | Reached skill level 11 in Axes
  6850 | D:7      | Mangled by an orc warrior

Skill      XL: |  1  2  3  4  5  6  7  8  9 |
---------------+----------------------------+-----
Axes           | 4 5 6 8 10 11 | 11.4
Armour         | 1 2 3 4 |  4.9
Fighting       | 3 4 5 6 7 |  7.3
Dodging        | 4 5 6 |  6.4
Stealth        | 1 |  1.5
Throwing       | |  2.3

Action                   |  1- 3 |  4- 6 |  7- 9 || total
-------------------------+-------+-------+-------++-------
Melee: War axe           |    78 |   173 |   240 ||   491
       Headbutt          |     7 |    27 |    43 ||    77
  Use: Potion            |       |       |     3 ||     3
 Stab: Sleeping          |       |     1 |       ||     1
       Distracted        |       |       |     1 ||     1
  Eat: Chunk             |     2 |     6 |     7 ||    15
       Ration            |       |       |     1 ||     1
Armor: Leather armour    |    25 |    35 |    44 ||   104
Dodge: Dodged            |    51 |   107 |   173 ||   331
